[Event "Titled Tuesday Blitz June 6 Late 2023"]
[White "Simonian, Hrair"]
[Black "WindWhistler11"]
[WhiteFideId "13302337"]
[WhiteElo "2447"]
[BlackElo "2565"]
[Result "1-0"]
[Round "8"]
[TimeControl "180+2"]
[Date "2023.06.07"]
[WhiteClock "0:01:42"]
[BlackClock "0:01:08"]
[Board "27"]

1. e4 e6 2. d4 d5 3. Nc3 Bb4 4. e5 Ne7 5. Bd2 Ba5 6. Nce2 Bb6 7. f4 c5 8. Nf3 Nbc6 9. c3 Nf5 10. Bc1 cxd4 11. cxd4 Ba5+ 12. Bd2 Ne3 13. Qb3 Bd7 14. Qxe3 Nb4 15. Bxb4 Bxb4+ 16. Kf2 f6 17. exf6 Qxf6 18. g3 O-O 19. Bh3 Rac8 20. Rac1 Rce8 21. a3 Bd6 22. Kg2 h6 23. Ne5 Bb5 24. Nc3 Ba6 25. b4 b6 26. Nd7 Qg6 27. Nxf8 Bxf8 28. Rhe1 1-0


[Site "https://www.chess.com"]

[Event "Titled Tuesday Blitz June 6 Late 2023"]
[White "Jimenez Almeida, Luis David"]
[Black "Horvath, Dominik"]
[WhiteFideId "22242244"]
[BlackFideId "1642561"]
[WhiteElo "2245"]
[BlackElo "2407"]
[Result "1-0"]
[Round "8"]
[TimeControl "180+2"]
[Date "2023.06.07"]
[WhiteClock "0:00:18"]
[BlackClock "0:00:20"]
[Board "28"]

1. e4 e6 2. d4 d5 3. e5 c5 4. c3 Nc6 5. Nf3 Bd7 6. Be2 Nge7 7. O-O cxd4 8. cxd4 Nf5 9. Nc3 Be7 10. a3 O-O 11. b4 Rc8 12. Bb2 Nh4 13. Nxh4 Bxh4 14. Rc1 Ne7 15. Bd3 Ng6 16. g3 Be7 17. Qh5 Qb6 18. Ne2 Bb5 19. Qf3 Qa6 20. Bxb5 Qxb5 21. h4 Rfd8 22. h5 Nf8 23. Rc3 h6 24. Rfc1 Rxc3 25. Rxc3 Qd7 26. Qd3 Rc8 27. Qc2 Rxc3 28. Nxc3 Qc7 29. Qb3 Nd7 30. Nb5 Qb6 31. Qd3 a6 32. Nc3 Qc7 33. Na4 a5 34. Nc5 axb4 35. axb4 Nb6 36. Qb5 Qc8 37. Qxb6 Bxc5 38. dxc5 Qa8 39. Qa5 Qc8 40. Bd4 Qd7 41. b5 Qe7 42. c6 bxc6 43. bxc6 Qg5 44. c7 Qc1+ 45. Kg2 Kh7 46. Qc5 Qe1 47. Qc2+ 1-0


[Site "https://www.chess.com"]

[Event "Titled Tuesday Blitz June 6 Late 2023"]
[White "Jovic, Stanoje"]
[Black "benny_aizenberg"]
[WhiteFideId "905020"]
[WhiteElo "2236"]
[BlackElo "2726"]
[Result "0-1"]
[Round "8"]
[TimeControl "180+2"]
[Date "2023.06.07"]
[WhiteClock "0:01:08"]
[BlackClock "0:00:46"]
[Board "29"]

1. c4 e6 2. g3 d5 3. Bg2 Nf6 4. Nf3 c5 5. cxd5 exd5 6. O-O Be7 7. d4 O-O 8. dxc5 Bxc5 9. a3 a5 10. b3 Nc6 11. Bb2 Bf5 12. Nc3 Qd7 13. Rc1 Ba7 14. e3 Rfd8 15. Nb5 Bb6 16. Nbd4 Be4 17. Nxc6 bxc6 18. Bxf6 gxf6 19. Nd4 c5 20. Ne2 Qf5 21. Nf4 a4 22. bxa4 c4 23. Bh3 Qe5 24. Qg4+ Qg5 25. Nh5 Kf8 26. Qxg5 fxg5 27. Nf6 Bd3 28. Nd7+ Rxd7 29. Bxd7 Bxf1 30. Kxf1 Ke7 31. Bc6 Ra5 32. Rb1 Bc7 33. Rb5 Kd6 34. Rxa5 Bxa5 35. Be8 c3 0-1


[Site "https://www.chess.com"]

[Event "Titled Tuesday Blitz June 6 Late 2023"]
[White "Elsa167"]
[Black "Fiorito, Joaquin"]
[BlackFideId "180173"]
[WhiteElo "2880"]
[BlackElo "2199"]
[Result "1-0"]
[Round "8"]
[TimeControl "180+2"]
[Date "2023.06.07"]
[WhiteClock "0:02:28"]
[BlackClock "0:01:26"]
[Board "30"]

1. e4 c6 2. Ke2 d5 3. d3 g6 4. g3 Bg7 5. Bg2 e5 6. Nf3 Ne7 7. Re1 O-O 8. Kf1 Nd7 9. Nc3 a5 10. Kg1 d4 11. Ne2 c5 12. a4 b5 13. axb5 Qb6 14. c4 dxc3 15. Nxc3 Rd8 16. Nd2 Bb7 17. Nc4 Qc7 18. Bg5 f6 19. Be3 Nf8 20. b6 Qc6 21. Qb3 Kh8 22. Nxa5 Qd7 23. Nxb7 Qxb7 24. Rxa8 Rxa8 25. Bxc5 Ne6 26. Qxe6 1-0


[Site "https://www.chess.com"]

[Event "Titled Tuesday Blitz June 6 Late 2023"]
[White "Manukyan, Sargis A."]
[Black "Wagner, Dennis"]
[WhiteFideId "13303970"]
[BlackFideId "24650684"]
[WhiteElo "2187"]
[BlackElo "2478"]
[Result "1-0"]
[Round "8"]
[TimeControl "180+2"]
[Date "2023.06.07"]
[WhiteClock "0:01:36"]
[BlackClock "0:00:02"]
[Board "31"]

1. d4 Nf6 2. c4 e6 3. Nc3 Bb4 4. a3 Bxc3+ 5. bxc3 c5 6. e3 O-O 7. Bd3 Nc6 8. Ne2 b6 9. O-O d6 10. e4 e5 11. f4 exd4 12. cxd4 cxd4 13. Bb2 Bg4 14. h3 Bxe2 15. Qxe2 Re8 16. Rae1 Rc8 17. Qf2 Nd7 18. Bb1 Nc5 19. g4 d3 20. Qf3 Na5 21. Rc1 d2 22. Qc3 f6 23. Qxd2 Kh8 24. Qd5 Qe7 25. Rce1 Na4 26. Ba1 Nxc4 27. Qh5 Nd2 28. e5 Nxb1 29. exf6 Qd7 30. fxg7+ Kg8 31. Rxb1 Nc5 32. Rbe1 Qf7 33. Qh6 Ne4 34. f5 d5 35. f6 Rc2 36. Qf4 Rec8 37. g5 Rd2 38. Rxe4 Rcc2 39. Qb8+ 1-0


[Site "https://www.chess.com"]

[Event "Titled Tuesday Blitz June 6 Late 2023"]
[White "Omranalhosani21"]
[Black "Rosen, Eric"]
[BlackFideId "2032562"]
[WhiteElo "2619"]
[BlackElo "2331"]
[Result "0-1"]
[Round "8"]
[TimeControl "180+2"]
[Date "2023.06.07"]
[WhiteClock "0:00:02"]
[BlackClock "0:00:04"]
[Board "32"]

1. Nf3 d5 2. d4 Nf6 3. g3 Bf5 4. Bg2 e6 5. O-O Be7 6. c4 c6 7. Nc3 O-O 8. Qb3 Qb6 9. c5 Qxb3 10. axb3 Nbd7 11. b4 a6 12. Bf4 h6 13. Nd2 Rac8 14. Nb3 Bd8 15. Bd6 Re8 16. Na5 Bxa5 17. bxa5 e5 18. e3 exd4 19. exd4 Ne4 20. Nxe4 Bxe4 21. f3 Bd3 22. Rfe1 f5 23. Kf2 Kf7 24. Rad1 Bb5 25. h4 h5 26. f4 Nf6 27. Be5 Ne4+ 28. Bxe4 dxe4 29. Ke3 Ke6 30. b4 Kd5 31. Rc1 Re6 32. Rc3 Rg6 33. Kf2 Bd3 34. Re3 Re8 35. Rc1 Rg4 36. Ree1 Re6 37. Re3 Reg6 38. Rc3 Rh6 39. Bd6 Kxd4 40. Be5+ Kd5 41. Rc1 Re6 42. Rc3 Re8 43. Rb3 Rg6 44. Rc3 Re7 45. Rc1 Rge6 46. Ke1 Rxe5 47. fxe5 Kxe5 48. Kd2 Rd7 49. Kc3 Rd4 50. Rce1 Kd5 51. Rg1 Rc4+ 52. Kb3 Rc2 53. Rf1 g6 54. Rfe1 Rg2 55. Kc3 Rc2+ 56. Kb3 Rd2 57. Kc3 Rg2 58. Kb3 Kd4 59. Ka3 Rf2 60. Kb3 Bc4+ 61. Ka3 Ra2# 0-1


[Site "https://www.chess.com"]

[Event "Titled Tuesday Blitz June 6 Late 2023"]
[White "reevecanada"]
[Black "Nazari, Arad"]
[BlackFideId "12577324"]
[WhiteElo "2601"]
[BlackElo "2175"]
[Result "1-0"]
[Round "8"]
[TimeControl "180+2"]
[Date "2023.06.07"]
[WhiteClock "0:00:53"]
[BlackClock "0:00:02"]
[Board "33"]

1. e4 c5 2. Nf3 d6 3. d4 cxd4 4. Qxd4 Nc6 5. Qe3 g6 6. c4 Bg7 7. Nc3 Bg4 8. Be2 Nf6 9. h3 Bxf3 10. Bxf3 Nd7 11. O-O Qb6 12. Qe1 Nde5 13. Be2 Nd4 14. Be3 Nxe2+ 15. Qxe2 Qc6 16. b3 Nxc4 17. Rac1 Nxe3 18. Nd5 Nxf1 19. Rxc6 bxc6 20. Nc7+ Kd7 21. Nxa8 Rxa8 22. Kxf1 a5 23. Qc4 e6 24. f4 Bb2 25. Ke2 Ba3 26. g4 Bc5 27. e5 Kc7 28. f5 gxf5 29. gxf5 Re8 30. Kf3 Bb4 31. exd6+ Bxd6 32. Qa6 Bb4 33. Qa7+ Kd6 34. Qxf7 Re7 35. Qf8 Ke5 36. f6 Rd7 37. Qg7 Rd3+ 38. Ke2 Rd2+ 39. Ke3 1-0


[Site "https://www.chess.com"]

[Event "Titled Tuesday Blitz June 6 Late 2023"]
[White "Becerra, Juan David"]
[Black "Martins, Bruno Andre Leite"]
[WhiteFideId "4404998"]
[BlackFideId "1942255"]
[WhiteElo "2304"]
[BlackElo "2241"]
[Result "0-1"]
[Round "8"]
[TimeControl "180+2"]
[Date "2023.06.07"]
[WhiteClock "0:01:23"]
[BlackClock "0:01:42"]
[Board "34"]

1. e4 e6 2. d4 d5 3. Nd2 c5 4. exd5 Qxd5 5. Ngf3 cxd4 6. Bc4 Qd6 7. O-O Nf6 8. Nb3 Nc6 9. Nbxd4 Nxd4 10. Qxd4 Qxd4 11. Nxd4 Bd7 12. Bf4 Rc8 13. Bb3 Bc5 14. Rad1 O-O 15. Rfe1 Rfd8 16. Bg5 h6 17. Bh4 g5 18. Bg3 Be8 19. h3 Rxd4 0-1


[Site "https://www.chess.com"]

[Event "Titled Tuesday Blitz June 6 Late 2023"]
[White "Martinez Ramirez, Lennis"]
[Black "Moral Garcia, Serafin"]
[WhiteFideId "3509079"]
[BlackFideId "2201925"]
[WhiteElo "2410"]
[BlackElo "2274"]
[Result "1-0"]
[Round "8"]
[TimeControl "180+2"]
[Date "2023.06.07"]
[WhiteClock "0:00:39"]
[BlackClock "0:00:19"]
[Board "35"]

1. Nf3 Nf6 2. c4 c5 3. g3 g6 4. Bg2 Bg7 5. Nc3 Nc6 6. a3 O-O 7. Rb1 a5 8. e4 d6 9. h3 Ne8 10. O-O Nc7 11. Nd5 e6 12. Nb6 Ra6 13. Nxc8 Qxc8 14. d3 b5 15. b3 Rb6 16. Be3 b4 17. a4 e5 18. h4 Ne6 19. Bh3 Qc7 20. h5 Ncd4 21. Nxd4 Nxd4 22. hxg6 hxg6 23. Kg2 Rbb8 24. Rh1 Qe7 25. Qg4 Ne6 26. Rh2 Rfe8 27. Rbh1 Kf8 28. Qd1 Qf6 29. Bxe6 Rxe6 30. Qg4 Ree8 31. Rh7 Qe6 32. Qh4 Bf6 33. Qh6+ Ke7 34. Qxg6 Rg8 35. Qh5 Rh8 36. Qf3 Rxh7 37. Rxh7 Rh8 38. Rxh8 Bxh8 39. Bg5+ Ke8 40. Qh5 Bg7 41. Qh7 Kf8 42. Bd8 Qg4 43. f3 Qg5 44. Bxg5 1-0


[Site "https://www.chess.com"]

[Event "Titled Tuesday Blitz June 6 Late 2023"]
[White "Amburgy, Ryan"]
[Black "Hajiyev, Kanan"]
[WhiteFideId "30924820"]
[BlackFideId "13404148"]
[WhiteElo "2134"]
[BlackElo "2115"]
[Result "1-0"]
[Round "8"]
[TimeControl "180+2"]
[Date "2023.06.07"]
[WhiteClock "0:00:16"]
[BlackClock "0:00:05"]
[Board "36"]

1. d4 Nf6 2. c4 e6 3. Nf3 d5 4. Nc3 Be7 5. Bf4 O-O 6. e3 c5 7. dxc5 Qa5 8. Qc2 Ne4 9. Nd4 Nxc3 10. Nb3 Qb4 11. bxc3 Qa4 12. cxd5 exd5 13. Bd3 h6 14. O-O Na6 15. Rfd1 Be6 16. Rab1 Bxc5 17. Nd4 Qxc2 18. Nxc2 Bb6 19. Bxa6 bxa6 20. Nb4 Rfd8 21. Nxa6 Rac8 22. Be5 Rc4 23. Nb4 Ba5 24. a3 Bxb4 25. axb4 Ra8 26. Ra1 a6 27. Ra5 Bc8 28. Raxd5 Be6 29. Ra5 Rc6 30. f3 Rac8 31. Kf2 f6 32. Bd4 Kf7 33. Rda1 Bc4 34. Rc5 Bb5 35. Rxc6 Rxc6 36. e4 Ke6 37. Ke3 g5 38. g3 h5 39. f4 h4 40. gxh4 gxf4+ 41. Kxf4 Rc7 42. Rg1 Rh7 43. Rg4 Bc6 44. Kg3 Rh6 45. c4 Bd7 46. Rg7 Bc6 47. Ra7 Bxe4 48. Rxa6+ Kf5 49. Ra5+ Ke6 50. b5 Bd3 51. c5 Kd5 52. Be3 1-0


[Site "https://www.chess.com"]

[Event "Titled Tuesday Blitz June 6 Late 2023"]
[White "Papp, Levente"]
[Black "Mayeregger, Arnold"]
[WhiteFideId "751243"]
[BlackFideId "3705226"]
[WhiteElo "2380"]
[BlackElo "2038"]
[Result "0-1"]
[Round "8"]
[TimeControl "180+2"]
[Date "2023.06.07"]
[WhiteClock "0:00:01"]
[BlackClock "0:00:16"]
[Board "37"]

1. Nf3 d5 2. b3 Bf5 3. Bb2 h6 4. g3 Nf6 5. Bg2 e6 6. O-O Be7 7. d3 O-O 8. Nbd2 Bg6 9. c4 Nbd7 10. Qc2 a5 11. a3 c6 12. Rac1 Bd6 13. Qb1 Re8 14. Rfd1 e5 15. cxd5 cxd5 16. e4 Bc5 17. Qa1 Qb6 18. Rxc5 Nxc5 19. Nxe5 dxe4 20. Ndc4 Qxb3 21. Nxg6 fxg6 22. Bxf6 gxf6 23. Rb1 Qxd3 24. Bf1 Qf3 25. Rb6 Re6 26. Qd4 e3 27. fxe3 Ne4 28. Rb2 Ng5 29. Bg2 Qf5 30. Nd2 Rae8 31. Bd5 Kh8 32. Bxe6 Rxe6 33. Qd8+ Kg7 34. Rxb7+ Nf7 0-1


[Site "https://www.chess.com"]

[Event "Titled Tuesday Blitz June 6 Late 2023"]
[White "Eugene, Floryan"]
[Black "Balla, Tamas-Kristof"]
[WhiteFideId "20694784"]
[BlackFideId "1208497"]
[WhiteElo "2369"]
[BlackElo "2334"]
[Result "1-0"]
[Round "8"]
[TimeControl "180+2"]
[Date "2023.06.07"]
[WhiteClock "0:00:49"]
[BlackClock "0:00:06"]
[Board "38"]

1. d4 d5 2. Nf3 Nf6 3. c4 e6 4. Nc3 c5 5. cxd5 exd5 6. g3 Nc6 7. Bg2 cxd4 8. Nxd4 Bc5 9. Nb3 Bb6 10. O-O d4 11. Na4 O-O 12. Bf4 Re8 13. Rc1 Be6 14. Nac5 Bd5 15. Nxb7 Qe7 16. Nd6 Bxg2 17. Kxg2 Ne5 18. Nxe8 Qb7+ 19. Kg1 Rxe8 20. Bxe5 Rxe5 21. Nxd4 Rh5 22. Nc6 h6 23. Qd3 Ng4 24. Qf3 Qd7 25. Ne7+ Qxe7 26. Qxg4 Rg5 27. Qf3 Qe6 28. h4 Rf5 29. Qd3 Qf6 30. e3 Rf3 31. Rc8+ 1-0


[Site "https://www.chess.com"]

[Event "Titled Tuesday Blitz June 6 Late 2023"]
[White "Riff, Jean-Noel"]
[Black "Chigaev, Maksim"]
[WhiteFideId "611190"]
[BlackFideId "4108116"]
[WhiteElo "2479"]
[BlackElo "2561"]
[Result "1/2-1/2"]
[Round "8"]
[TimeControl "180+2"]
[Date "2023.06.07"]
[WhiteClock "0:01:30"]
[BlackClock "0:00:07"]
[Board "40"]

1. e4 e6 2. d4 d5 3. Nc3 Bb4 4. e5 Ne7 5. Bd2 b6 6. Nce2 Bxd2+ 7. Qxd2 c5 8. c3 Ba6 9. Nf3 Nbc6 10. Nf4 Bxf1 11. Kxf1 O-O 12. h4 Qd7 13. Re1 Rac8 14. g3 h6 15. Kg2 f6 16. exf6 Rxf6 17. Ne5 Nxe5 18. Rxe5 Rcf8 19. h5 Nc6 20. Re2 Rxf4 21. gxf4 e5 22. dxe5 Qg4+ 23. Kf1 d4 24. e6 Ne7 25. cxd4 Rd8 26. Qe3 Rxd4 27. Rg1 Qxh5 28. Qe5 Rd1+ 29. Re1 Qh3+ 30. Rg2 Qh1+ 31. Rg1 Qh3+ 32. Rg2 Qh1+ 33. Rg1 Qh3+ 1/2-1/2


[Site "https://www.chess.com"]

[Event "Titled Tuesday Blitz June 6 Late 2023"]
[White "Rustemov, Alexander"]
[Black "ArtemDyachuk"]
[WhiteFideId "4119002"]
[WhiteElo "2830"]
[BlackElo "2563"]
[Result "1-0"]
[Round "8"]
[TimeControl "180+2"]
[Date "2023.06.07"]
[WhiteClock "0:01:01"]
[BlackClock "0:00:01"]
[Board "41"]

1. d4 Nf6 2. c4 e6 3. Nf3 c5 4. d5 d6 5. Nc3 exd5 6. cxd5 g6 7. h3 Bg7 8. e4 O-O 9. Bd3 b5 10. Bxb5 Nxe4 11. Nxe4 Qa5+ 12. Nfd2 Qxb5 13. Nxd6 Qa6 14. N2c4 Nd7 15. O-O Nb6 16. Nxb6 axb6 17. Re1 Bd7 18. Qf3 b5 19. Ne4 Rfe8 20. Bg5 Rac8 21. Nf6+ Bxf6 22. Qxf6 Qxf6 23. Bxf6 h6 24. g4 g5 25. Kg2 Kh7 26. Kg3 Kg6 27. Be7 c4 28. Re3 h5 29. f4 gxf4+ 30. Kxf4 hxg4 31. hxg4 c3 32. bxc3 Rc4+ 33. Kf3 Bxg4+ 34. Kf2 f6 35. d6 Rec8 36. Rg1 Kf7 37. Rxg4 Rxg4 38. d7 Rcg8 39. d8=Q Rg2+ 40. Ke1 1-0


[Site "https://www.chess.com"]

[Event "Titled Tuesday Blitz June 6 Late 2023"]
[White "Bryakin, Mikhail"]
[Black "Golubev, Mikhail"]
[WhiteFideId "4165314"]
[BlackFideId "14100983"]
[WhiteElo "2464"]
[BlackElo "2374"]
[Result "1-0"]
[Round "8"]
[TimeControl "180+2"]
[Date "2023.06.07"]
[WhiteClock "0:00:20"]
[BlackClock "0:00:03"]
[Board "42"]

1. e4 c5 2. a3 g6 3. b4 Bg7 4. Ra2 d6 5. Bb2 Nf6 6. bxc5 dxc5 7. e5 Nd5 8. e6 f6 9. Bb5+ Nc6 10. Qe2 Nc7 11. Nf3 Bxe6 12. Ra1 O-O 13. Bxc6 bxc6 14. O-O Rb8 15. Bc1 Bf7 16. Nc3 Nd5 17. Re1 e5 18. a4 Re8 19. Ba3 e4 20. Nh4 Nxc3 21. dxc3 f5 22. g3 Bxc3 23. Red1 Qf6 24. Rab1 c4 25. Bc5 a6 26. Ng2 Rxb1 27. Rxb1 Bd4 28. Bxd4 Qxd4 29. Rd1 Qc3 30. Nf4 Qf3 31. h4 Qxe2 32. Nxe2 e3 33. Rd7 Bd5 34. fxe3 Rxe3 35. Kf2 Rf3+ 36. Ke1 Ra3 37. h5 gxh5 38. c3 Rxa4 39. Nf4 Ra1+ 40. Kf2 Ra2+ 41. Ke3 Rc2 42. Kd4 Re2 43. Nxh5 Re4+ 44. Kc5 Kf8 45. Rxh7 Re3 46. Kd4 Re4+ 47. Kc5 Re3 48. Kd6 Rxc3 49. Ke5 Re3+ 50. Kf6 Ke8 51. Ng7+ Kd8 52. Nxf5 Rf3 53. Ke5 Kc8 54. Nd4 Re3+ 55. Kd6 Re1 56. Rh2 Kb8 57. Rb2+ Ka7 58. Nf5 Re4 59. g4 Re6+ 60. Kc5 Rg6 61. Ne7 Rxg4 62. Nc8+ Ka8 63. Nb6+ Kb7 64. Nxd5+ Kc8 65. Ne3 Rg5+ 66. Kd6 Rg6+ 67. Kc5 Rg5+ 68. Kxc6 Rg6+ 69. Kc5 Rg5+ 70. Nd5 Rh5 71. Rc2 Rh6 72. Rxc4 Kd7 73. Rg4 Rc6+ 74. Kd4 Rc1 75. Rg7+ Kd8 76. Ke5 Kc8 77. Kd6 a5 78. Ra7 Kb8 79. Rxa5 Rc2 80. Rb5+ Ka8 81. Nc7+ Ka7 82. Kd7 Rd2+ 83. Kc8 Rb2 84. Rh5 Kb6 85. Rh6+ Kc5 86. Kd7 Kd4 87. Ne6+ Kd3 88. Kd6 Kc2 89. Kd5 Rb8 90. Nd4+ Kb1 91. Rh2 Rd8+ 92. Kc4 Rc8+ 93. Kd3 Rc7 94. Nb5 Rc8 95. Nc3+ Ka1 96. Ra2# 1-0


[Site "https://www.chess.com"]

[Event "Titled Tuesday Blitz June 6 Late 2023"]
[White "Ozates, Tuna"]
[Black "Hambleton, Aman"]
[WhiteFideId "6354521"]
[BlackFideId "2606577"]
[WhiteElo "2151"]
[BlackElo "2511"]
[Result "0-1"]
[Round "8"]
[TimeControl "180+2"]
[Date "2023.06.07"]
[WhiteClock "0:00:01"]
[BlackClock "0:00:44"]
[Board "43"]

1. e4 d5 2. exd5 Qxd5 3. Nc3 Qe5+ 4. Nge2 c6 5. d4 Qa5 6. g3 Bf5 7. Bg2 e6 8. O-O Nf6 9. a3 Nbd7 10. h3 Bd6 11. Bf4 Bxf4 12. Nxf4 O-O 13. b4 Qc7 14. Qe2 h6 15. Na4 a5 16. c4 axb4 17. axb4 Rfd8 18. Nc3 Qb6 19. b5 Rxa1 20. Rxa1 Qxd4 21. Rc1 cxb5 22. Nxb5 Qb6 23. Rd1 Nc5 24. g4 Be4 25. Bxe4 Nfxe4 26. Kg2 Rxd1 27. Qxd1 Nxf2 28. Qd4 Nfe4 29. Nh5 f6 30. h4 Qa5 31. Kf3 Qe1 32. Nf4 Qg3+ 33. Ke2 Qxf4 0-1


[Site "https://www.chess.com"]

[Event "Titled Tuesday Blitz June 6 Late 2023"]
[White "Sargsyan, Anna M."]
[Black "Pakleza, Zbigniew"]
[WhiteFideId "13308130"]
[BlackFideId "1119290"]
[WhiteElo "2284"]
[BlackElo "2410"]
[Result "0-1"]
[Round "8"]
[TimeControl "180+2"]
[Date "2023.06.07"]
[WhiteClock "0:00:01"]
[BlackClock "0:00:02"]
[Board "44"]

1. e4 d6 2. d4 Nf6 3. Nc3 c6 4. f4 Qb6 5. h3 e5 6. Nf3 Nbd7 7. fxe5 dxe5 8. dxe5 Nh5 9. Bc4 Ng3 10. Bxf7+ Kxf7 11. Ng5+ Kg8 12. Qf3 Nxe5 13. Qxg3 Bd6 14. Qe3 Qxe3+ 15. Bxe3 Nc4 16. Bd4 h6 17. Nf3 Nxb2 18. e5 Be7 19. Ne4 Nc4 20. O-O Kh7 21. Rae1 b6 22. Bc3 c5 23. Ng3 Be6 24. Nh5 Rhf8 25. Nh2 Rxf1+ 26. Rxf1 Ne3 27. Rf2 Rf8 28. Re2 Nd5 29. Bb2 Nb4 30. a3 Nc6 31. Nf3 Na5 32. Bc3 Nc4 33. a4 a5 34. Ng3 Bd7 35. e6 Bxa4 36. Nh5 g6 37. Ng3 Bc6 38. Nh2 a4 39. Ng4 a3 40. Re1 h5 41. Nf2 Bf6 42. Bxf6 Rxf6 43. e7 a2 44. Nge4 Rf4 0-1


[Site "https://www.chess.com"]

[Event "Titled Tuesday Blitz June 6 Late 2023"]
[White "Tejedor Fuente, Enrique"]
[Black "Machidon, Cristi"]
[WhiteFideId "2299100"]
[BlackFideId "13904590"]
[WhiteElo "2496"]
[BlackElo "2355"]
[Result "1-0"]
[Round "8"]
[TimeControl "180+2"]
[Date "2023.06.07"]
[WhiteClock "0:00:36"]
[BlackClock "0:00:02"]
[Board "45"]

1. c3 e5 2. d4 Nc6 3. e4 Nf6 4. Nf3 d5 5. exd5 Qxd5 6. Be3 Bg4 7. Be2 exd4 8. cxd4 Bb4+ 9. Nc3 O-O 10. O-O Bxc3 11. bxc3 Rfe8 12. c4 Qd7 13. d5 Ne5 14. Nxe5 Rxe5 15. Bxg4 Qxg4 16. Qxg4 Nxg4 17. Bf4 Re4 18. Bxc7 Rxc4 19. d6 Nf6 20. Rfe1 Kf8 21. Rad1 Nd7 22. Re7 Rxc7 23. Rde1 Rc2 24. Rxd7 Rxa2 25. h4 Ra5 26. g4 Ra4 27. f3 h5 28. gxh5 Rf4 29. Kg2 Re8 30. Rc1 Rxh4 31. Rcc7 Rf4 32. Rxb7 a5 33. Rdc7 Rd8 34. Ra7 a4 35. Rd7 Rxd7 36. Ra8+ Rd8 37. Rxd8# 1-0


[Site "https://www.chess.com"]

[Event "Titled Tuesday Blitz June 6 Late 2023"]
[White "Oro, Faustino"]
[Black "Novikov, Evgenij"]
[WhiteFideId "20000197"]
[BlackFideId "4125380"]
[WhiteElo "1984"]
[BlackElo "2242"]
[Result "1-0"]
[Round "8"]
[TimeControl "180+2"]
[Date "2023.06.07"]
[WhiteClock "0:00:10"]
[BlackClock "0:00:02"]
[Board "46"]

1. Nf3 d6 2. d4 g6 3. e4 Bg7 4. Nc3 Nf6 5. Be3 O-O 6. Qd2 Ng4 7. Bg5 f6 8. Bh4 c6 9. h3 Nh6 10. Bg3 Nf7 11. Bc4 b5 12. Bb3 a5 13. a3 Ba6 14. Ne2 a4 15. Ba2 d5 16. exd5 cxd5 17. O-O e6 18. Nf4 Re8 19. Rfe1 Bc8 20. Nd3 Nc6 21. Nc5 Na5 22. Qb4 Bd7 23. Bb1 Bf8 24. Nd2 Ra7 25. Qc3 Nc4 26. Nxc4 bxc4 27. b3 axb3 28. cxb3 cxb3 29. Qxb3 Bd6 30. Bxd6 Nxd6 31. Bd3 Kf7 32. Rab1 Qa5 33. Rec1 Re7 34. Qb8 Ne8 35. a4 Ra8 36. Qf4 Kg7 37. Rb7 Ra7 38. Rcb1 Bc8 39. Rxe7+ Rxe7 40. Qb8 Qc7 41. Qb4 Kf7 42. a5 Nd6 43. a6 e5 44. Bf1 e4 45. Qb6 f5 46. a7 Qxa7 47. Qxd6 Qc7 48. Qxd5+ Kf6 49. Qc4 Kg7 50. Qc3 Kh6 51. d5 Qe5 52. Qxe5 Rxe5 53. Rd1 f4 54. Rd4 e3 55. fxe3 fxe3 56. Be2 Kg7 57. Nd3 Re8 58. d6 Bd7 59. Nc5 Bc6 60. d7 Bxd7 61. Rxd7+ Kh6 62. Rd4 Rc8 63. Ne4 Rc1+ 64. Kh2 Re1 65. Ng3 g5 66. Rd6+ Kg7 67. Re6 h5 68. Nxh5+ Kf7 69. Rxe3 Kg6 70. Bd3+ Kxh5 71. Rxe1 g4 72. Be2 Kh4 73. Bxg4 1-0


[Site "https://www.chess.com"]

[Event "Titled Tuesday Blitz June 6 Late 2023"]
[White "D`Arruda, Ricardo D."]
[Black "Skvortsov, Andrei"]
[WhiteFideId "100692"]
[BlackFideId "24108600"]
[WhiteElo "2541"]
[BlackElo "2259"]
[Result "0-1"]
[Round "8"]
[TimeControl "180+2"]
[Date "2023.06.07"]
[WhiteClock "0:01:30"]
[BlackClock "0:01:48"]
[Board "47"]

1. d4 d5 2. Nf3 c6 3. c4 dxc4 4. e3 b5 5. a4 Bb7 6. Nc3 a6 7. Be2 Nf6 8. O-O e6 9. Ne5 Nbd7 10. f4 Nd5 11. Bf3 Bb4 12. Bd2 Bxc3 13. bxc3 O-O 14. e4 N5f6 15. g4 Nxe5 16. fxe5 Nd7 17. Qe1 c5 18. Be3 cxd4 19. cxd4 Re8 20. h4 Nb6 21. a5 Nc8 22. h5 Ne7 23. g5 Nc6 24. Rd1 Qxa5 25. Qg3 g6 26. Kg2 c3 27. Rh1 c2 28. Rde1 Rad8 29. hxg6 fxg6 30. Rxh7 Qxe1 31. Qxe1 Kxh7 32. Qh4+ Kg8 33. Qh6 Ne7 34. Bg4 Bxe4+ 35. Kg3 Nd5 36. Bd2 Rc8 37. Bc1 b4 38. Be2 a5 39. Bf3 Bf5 40. Bg4 Rc3+ 41. Kh4 Ne7 0-1


[Site "https://www.chess.com"]

[Event "Titled Tuesday Blitz June 6 Late 2023"]
[White "Matinian, Nikita"]
[Black "Vovk, Orest"]
[WhiteFideId "24129100"]
[BlackFideId "14113490"]
[WhiteElo "2422"]
[BlackElo "2215"]
[Result "1-0"]
[Round "8"]
[TimeControl "180+2"]
[Date "2023.06.07"]
[WhiteClock "0:01:39"]
[BlackClock "0:00:02"]
[Board "48"]

1. e4 g5 2. d4 g4 3. Nc3 Bg7 4. Be2 c5 5. Be3 h5 6. h3 Nc6 7. d5 Nd4 8. hxg4 hxg4 9. Rxh8 Bxh8 10. Bxg4 d6 11. Bxc8 Rxc8 12. Nf3 Nxf3+ 13. Qxf3 Bxc3+ 14. bxc3 Qa5 15. Kd2 Nf6 16. Rh1 Kd7 17. Bg5 Qxa2 18. Bxf6 exf6 19. Qxf6 Re8 20. Rh7 Re7 21. Rxf7 Rxf7 22. Qxf7+ Kc8 23. Qe8+ Kc7 24. Qe7+ Kc8 25. Qxd6 Qc4 26. Qe6+ Kd8 27. g4 b5 28. Qd6+ Kc8 29. Qc6+ Kd8 30. d6 Qf7 31. Qa8+ 1-0


[Site "https://www.chess.com"]

[Event "Titled Tuesday Blitz June 6 Late 2023"]
[White "Janaszak, Dawid"]
[Black "Shuvalova, Polina"]
[WhiteFideId "1119206"]
[BlackFideId "24171760"]
[WhiteElo "2220"]
[BlackElo "2281"]
[Result "0-1"]
[Round "8"]
[TimeControl "180+2"]
[Date "2023.06.07"]
[WhiteClock "0:00:04"]
[BlackClock "0:00:21"]
[Board "49"]

1. e4 c6 2. d4 d5 3. exd5 cxd5 4. Bd3 Nc6 5. c3 Nf6 6. Bf4 Bg4 7. Qb3 Qd7 8. Nd2 e6 9. Ngf3 Bd6 10. Bxd6 Qxd6 11. O-O O-O 12. Rae1 Qc7 13. h3 Bxf3 14. Nxf3 Rab8 15. Qc2 g6 16. a4 a6 17. Qe2 Nd7 18. h4 Qf4 19. g3 Qg4 20. Kg2 Rfe8 21. Qd2 e5 22. Be2 Qf5 23. dxe5 Ndxe5 24. Qxd5 Rbd8 25. Qb3 Re7 26. Bd1 Rde8 27. Nxe5 Nxe5 28. Qc2 Nd3 29. Rxe7 Rxe7 30. Qd2 Qe4+ 31. Bf3 Ne1+ 32. Rxe1 Qxe1 33. Qd8+ Kg7 34. Qb6 Qe6 35. Qd4+ Qf6 36. Qb4 b6 37. a5 bxa5 38. Qxa5 h5 39. c4 Re5 40. c5 Rf5 41. Qa3 Qe7 42. c6 Qxa3 43. bxa3 Ra5 44. Be2 Rxa3 45. c7 Rc3 46. Bxa6 Rxc7 47. Kf3 Rc5 48. Be2 Rf5+ 49. Ke3 Ra5 50. Bd3 Kf6 51. Kd4 Ra4+ 52. Ke3 Ra3 53. Ke4 Ra2 54. Ke3 Ke5 55. f3 Ra3 56. g4 hxg4 57. fxg4 f5 58. gxf5 gxf5 59. h5 f4+ 60. Kd2 Kd4 61. Be2 f3 62. Bf1 Ra2+ 63. Ke1 Ke3 64. Kd1 Ra1+ 0-1


[Site "https://www.chess.com"]